 Dungeon Crawl Stone Soup version 0.20.0-15-g7f486f2 (webtiles) character file.

168 NoAnimeNoLife the Cudgeler (level 5, -2/36 HPs)
             Began as an Octopode Fighter on June 14, 2017.
             Slain by an adder (4 damage)
             ... on level 3 of the Dungeon.
             The game lasted 00:02:03 (1621 turns).

NoAnimeNoLife the Cudgeler (Octopode Fighter)       Turns: 1621, Time: 00:02:03

Health: -2/36      AC:  1    Str: 20    XL:     5   Next: 49%
Magic:  5/5        EV: 11    Int: 11    God:
Gold:   67         SH:  9    Dex: 12    Spells: 4/4 levels left

rFire    . . .     SeeInvis .   a - +0 flail
rCold    . . .     Gourm    .   b - +0 shield
rNeg     . . .     Faith    .   (helmet restricted)
rPois    .         Spirit   .   (no amulet)
rElec    .         Reflect  .   l - ring of wizardry
rCorr    .         Harm     .   (no ring)
MR       .....                  (no ring)
Stlth    ++........             (no ring)
Regen    0.2/turn               (no ring)
MPRegen  0.1/turn               (no ring)
                                (no ring)
                                (no ring)

@: mighty
A: almost no armour, stealthy swim, amphibious, 8 rings, constrict 8, camouflage
1, gelatinous body 1
a: no special abilities


You were on level 3 of the Dungeon.
You were very hungry.

You visited 1 branch of the dungeon, and saw 3 of its levels.

You collected 67 gold pieces.

Inventory:

Hand Weapons
 a - a +0 flail (weapon)
Armour
 b - a +0 shield (worn)
Jewellery
 l - a ring of wizardry (left tentacle)
 m - an uncursed amulet of faith
Scrolls
 g - 3 scrolls of identify {unknown}
 h - a scroll of amnesia {unknown}
Potions
 e - 2 potions of lignification {unknown}
 f - a potion of curing {unknown}
 j - 2 potions of ambrosia {unknown}
 k - a potion of flight {unknown}
 n - a potion of degeneration {unknown}
Comestibles
 d - 2 bread rations


   Skills:
 - Level 3.0 Fighting
 + Level 5.5 Maces & Flails
 - Level 3.0 Dodging
 - Level 3.0 Shields


You had 4 spell levels left.
You didn't know any spells.

Dungeon Overview and Level Annotations

Branches:
Dungeon (3/15)

Altars:
Qazlal
Sif Muna
Vehumet


Innate Abilities, Weirdness & Mutations

You cannot wear most types of armour.
You are very stealthy in the water. (Stealth+)
You are amphibious.
You can wear up to eight rings at the same time.
You can use your tentacles to constrict eight enemies at once.
Your skin changes colour to match your surroundings (Stealth+).
Your rubbery body absorbs attacks. (AC +1, EV +1)


Message History

Your squeeze misses ThereIsNoGod's ghost.
ThereIsNoGod's ghost is severely damaged.
The adder bites you.
* * * LOW HITPOINT WARNING * * *
You block ThereIsNoGod's ghost's attack.
You barely miss ThereIsNoGod's ghost. You squeeze ThereIsNoGod's ghost!
You destroy ThereIsNoGod's ghost!
Your Maces & Flails skill increases to level 5!
You have reached level 4!
You have reached level 5!
You feel clever. The adder bites you.
* * * LOW HITPOINT WARNING * * *
You block the adder's attack.
You barely miss the adder. Your grab misses the adder. The adder bites you.
* * * LOW HITPOINT WARNING * * *
Your shield prevents you from hitting the adder.
Your grab misses the adder. Your squeeze misses the adder.
You block the adder's attack. The adder bites you.
You die...

####### ##
#.....# ..
#.S...##.#.#..
#@............
#...<.##.###..
#.....# ..
###.### ## #.#
... #..## #..#
...


You could see an adder.

Vanquished Creatures
  The ghost of ThereIsNoGod the Magician, an amateur SpEE of Sif Muna (D:3)
  2 adders (D:2)
  A worm (D:2)
  A dart slug (D:1)
  3 leopard geckos (D:1)
  A ball python (D:2)
  3 bats
  A giant cockroach (D:1)
  4 goblins (D:1)
  3 hobgoblins
  2 jackals (D:1)
  3 frilled lizards
  4 kobolds (D:1)
  2 rats (D:2)
31 creatures vanquished.

Notes
Turn   | Place    | Note
-------+----------+-------------------------------------------
     0 | D:1      | NoAnimeNoLife the Octopode Fighter began the quest for the Orb.
     0 | D:1      | Reached XP level 1. HP: 16/16 MP: 1/1
   151 | D:1      | Reached XP level 2. HP: 14/21 MP: 2/2
   380 | D:1      | Reached skill level 3 in Maces & Flails
   519 | D:1      | Reached XP level 3. HP: 26/26 MP: 3/3
  1170 | D:2      | Noticed an earth elemental
  1172 | D:2      | Found a stormy altar of Qazlal.
  1174 | D:2      | Noticed a fire elemental
  1175 | D:2      | Noticed a water elemental
  1175 | D:2      | Noticed an air elemental
  1283 | D:2      | Reached skill level 4 in Maces & Flails
  1448 | D:2      | Found a radiant altar of Vehumet.
  1449 | D:2      | Found a deep blue altar of Sif Muna.
  1605 | D:3      | Noticed ThereIsNoGod's ghost (amateur SpEE)
  1619 | D:3      | Killed ThereIsNoGod's ghost
  1619 | D:3      | Reached skill level 5 in Maces & Flails
  1619 | D:3      | Reached XP level 4. HP: 5/31 MP: 4/4
  1619 | D:3      | Reached XP level 5. HP: 6/36 MP: 5/5
  1621 | D:3      | Slain by an adder

Skill      XL: |  1  2  3 |
---------------+----------+-----
Maces & Flails | 3 5 |  5.5
Fighting       | |  3.0
Dodging        | |  3.0
Shields        | |  3.0

Action                   |  1- 3 |  4- 6 || total
-------------------------+-------+-------++-------
Melee: Flail             |    65 |     2 ||    67
       Constrict         |    17 |       ||    17
       Tentacles         |    13 |       ||    13
  Use: Potion            |     1 |       ||     1
 Stab: Sleeping          |     4 |       ||     4
  Eat: Chunk             |     1 |       ||     1
Armor: Skin              |     3 |       ||     3
Dodge: Dodged            |    25 |       ||    25
Block: Shield            |    31 |     2 ||    33
